 Dungeon Crawl Stone Soup version 0.25-a0-613-gf4b266557c (webtiles) character file.

Game seed: 5614512993152771523, levelgen mode: deterministic

8 KiliKikkendorf the Grave Robber (level 2, -15/20 HPs)
             Began as a Ghoul Necromancer on Mar 17, 2020.
             Demolished by a gnoll
             ... wielding a +0 halberd
              (17 damage)
             ... on level 1 of the Dungeon.
             The game lasted 00:02:22 (161 turns).

KiliKikkendorf the Grave Robber (Ghoul Necromancer)  Turns: 161, Time: 00:02:23

Health: -15/20     AC:  2    Str: 11    XL:     2   Next: 8%
Magic:  1/4        EV: 12    Int: 10    God:
Gold:   9          SH:  0    Dex:  9    Spells: 4/5 levels left

rFire    . . .     SeeInvis +   (no weapon)
rCold    + . .     Gourm    .   (no shield)
rNeg     + + +     Faith    .   a - +0 robe
rPois    ∞         Spirit   .   (no helmet)
rElec    .         Reflect  .   (no cloak)
rCorr    .         Harm     .   (no gloves)
MR       .....                  (no boots)
Stlth    ++........             (no amulet)
HPRegen  0.00/turn              d - ring of see invisible
MPRegen  0.09/turn              (no ring)

@: rotting
A: rotting body, claws 1, carnivore, cold resistance 1, negative energy
resistance 3, inhibited regeneration, torment resistance, unbreathing
a: no special abilities


You were on level 1 of the Dungeon.
You were not hungry.

You visited 1 branch of the dungeon, and saw 1 of its levels.

You collected 9 gold pieces.

Inventory:

Armour
 a - a +0 robe (worn)
Jewellery
 d - a ring of see invisible (left claw)
Comestibles
 c - 2 rations


   Skills:
 + Level 1.8 Dodging
 + Level 2.2 Stealth
 + Level 2.0 Spellcasting
 + Level 4.2 Necromancy


You had 4 spell levels left.
You knew the following spells:

 Your Spells              Type           Power        Failure   Level  Hunger
a - Pain                  Necr           #...         5%          1    ##.....

Your spell library contained the following spells:

 Spells                   Type           Power        Failure   Level  Hunger
 Animate Skeleton         Necr           N/A          5%          1    ##.....
 Vampiric Draining        Necr           #.........   17%         3    ####...
 Animate Dead             Necr           N/A          50%         4    #####..
 Agony                    Necr           #.......     83%         5    ######.


Dungeon Overview and Level Annotations

Branches:
Dungeon (1/15)

Altars:


Innate Abilities, Weirdness & Mutations

Your body is rotting away.
You thrive on raw meat.
You are immune to poison.
You have sharp fingernails.
You are carnivorous and can eat meat at any time.
Your flesh is cold resistant. (rC+)
You are immune to negative energy. (rN+++)
You do not regenerate when monsters are visible.
You are immune to unholy pain and torment.
You can survive without breathing.


Message History

The gnoll is lightly wounded.
The gnoll hits you with a +0 halberd!
Ouch! That really hurt!
You scratch the gnoll.
The gnoll is moderately wounded.
The gnoll hits you with a +0 halberd.
* * * LOW HITPOINT WARNING * * *
You barely miss the gnoll.
The gnoll is moderately wounded.
You closely miss the gnoll.
The gnoll is moderately wounded.
The gnoll barely misses you.
You scratch the gnoll but do no damage.
The gnoll is moderately wounded.
The gnoll barely misses you.
You scratch the gnoll but do no damage.
The gnoll is moderately wounded.
The gnoll hits you with a +0 halberd!
Ouch! That really hurt!
You die...

### #########..
#####....##....
########..............
###8..#.................
#....Kg@..#...........#.
#.#8..#..###........####
#(######## #####8.8##
#.######## ##.##
#######......... #...
#.....#.###.#####+##
..... #.....#g# #.# ....
#..#### . #.....#K###.#
..... #..#
...#.....#(....###.....


You could see a gnoll and a kobold.

Vanquished Creatures
  2 dart slugs (D:1)
  A bat (D:1)
  A goblin (D:1)
4 creatures vanquished.

Notes
Turn   | Place    | Note
-------+----------+-------------------------------------------
     0 | D:1      | KiliKikkendorf the Ghoul Necromancer began the quest for
                  | the Orb.
     0 | D:1      | Reached XP level 1. HP: 14/14 MP: 2/2
   108 | D:1      | Reached XP level 2. HP: 12/19 MP: 0/3
   161 | D:1      | Demolished by a gnoll

Levels and vault maps discovered:
D:1:      eino_arrival_cavern_e, layout_basic, minivault_14, tso_altar

Skill      XL: |  1  2 |
---------------+-------+-----
Spellcasting   | 2 |  2.0
Dodging        | |  1.8
Stealth        | |  2.2
Necromancy     | |  4.2

Action                   || total
-------------------------++-------
Melee: Unarmed           ||    16
 Cast: Pain              ||     8
  Use: Scroll            ||     1
  Eat: Chunk             ||     3
Dodge: Dodged            ||    12

Table legend:
 A = Non-vault XP
 B = Vault XP
 C = Vault XP percentage of total XP
 D = Non-vault monster count
 E = Vault monster count
 F = Vault count percentage of total count
                 A         B        C        D         E       F
            +---------+---------+-------+---------+---------+-------
      Total |      12 |       0 |   0.0 |       4 |       0 |   0.0
            +---------+---------+-------+---------+---------+-------
        D:1 |      12 |       0 |   0.0 |       4 |       0 |   0.0
            +---------+---------+-------+---------+---------+-------
